[Event "*** Titled Tuesday Blitz"]
[Site "Chess.com"]
[Date "2020.02.04"]
[Round "9"]
[White "IakovUlivar"]
[Black "volcanoexplorer"]
[Result "0-1"]
[WhiteElo "2459"]
[BlackElo "2611"]
[TimeControl "180+2"]
[EndTime "15:08:21 PST"]
[Termination "volcanoexplorer won on time"]

1. e4 e5 2. Nf3 Nc6 3. Bc4 Bc5 4. O-O Nf6 5. d3 O-O 6. c3 d6 7. Bg5 h6 8. Bh4 a6 9. a4 Ba7 10. Nbd2 Be6 11. h3 Qe7 12. Bg3 Nh5 13. Bh2 Nf4 14.
Bxf4 exf4 15. d4 Bxc4 16. Nxc4 Qxe4 17. Re1 Qf5 18. d5 Nb8 19. Re7 Nd7 20. Qe2 Rac8 21. Nh4 Qf6 22. Rxd7 Qxh4 23. Qf3 Rfe8 24. Nd2 Qg5 25.
Rd1 Qf5 26. Qg4 Qxg4 27. hxg4 Re2 28. Nf3 Rxf2 29. Kh2 Re2 30. b4 Kf8 0-1

[Event "*** Titled Tuesday Blitz"]
[Site "Chess.com"]
[Date "2020.02.04"]
[Round "9"]
[White "FrogMist"]
[Black "BeanScreen"]
[Result "1-0"]
[WhiteElo "2422"]
[BlackElo "2559"]
[TimeControl "180+2"]
[EndTime "15:08:29 PST"]
[Termination "FrogMist won by resignation"]

1. e4 e5 2. Nf3 Nc6 3. Bb5 a6 4. Ba4 d6 5. O-O Nf6 6. Re1 Be7 7. d4 b5 8. dxe5 dxe5 9. Qxd8+ Bxd8 10. Bb3 Bg4 11. Nbd2 Na5 12. Nxe5 Nxb3 13. Nxb3 Be6 14. Nc5 Bc8 15. a4 Be7 16. Ned3 b4 17. Bf4 Nd7 18.
Nxd7 Bxd7 19. Bxc7 Rc8 20. Ba5 Rxc2 21. Bxb4 Bxb4 22. Nxb4 Rxb2 23. Nxa6 O-O 24. Nc5 Bc6 25. Reb1 Rc2 26. Rc1 Re2 27. Kf1 Rb2 28. Nd3 Rd2 29. Rxc6 Rxd3 30. a5 f5 31. e5 Rfd8 32. a6 Rd1+ 33.
Rxd1 Rxd1+ 34. Ke2 Ra1 35. e6 Kf8 36. g3 Ra3 37.
Rb6 Ke7 38. h4 Kf6 39. Kf1 h6 40. h5 Ra2 41. Kg2 Ra3 42. Kh3 Ra2 43. f4 Ra3 44.
Rc6 Ra2 45. Rc7 Rxa6 46. Rf7+ Kxe6 47. Rxg7 Kd5 48. Rg6 Ra1 49. Rxh6 Ke4 50. Kh4 Rh1+ 51. Kg5 Rh3 52. g4 fxg4 53. Kxg4 Rh1 54. Re6+ Kd5 55.
Re3 Kd4 56. Rh3 Rg1+ 57. Kf5 Rg8 58. h6 Rf8+ 59. Kg6 Rxf4 60. h7 Rg4+ 61. Kf5 1-0

[Event "*** Titled Tuesday Blitz"]
[Site "Chess.com"]
[Date "2020.02.04"]
[Round "9"]
[White "Irishchessman16"]
[Black "almaguerjm"]
[Result "0-1"]
[WhiteElo "2259"]
[BlackElo "2407"]
[TimeControl "180+2"]
[EndTime "15:08:30 PST"]
[Termination "almaguerjm won by resignation"]

1. e4 c5 2. Nf3 Nc6 3. Bb5 g6 4. O-O Bg7 5. c3 e5 6. d4 cxd4 7. cxd4 exd4 8. Bf4 Qb6 9. a4 a6 10. Na3 axb5 11. Nxb5 Ra5 12. Bc7 Qa6 13. Nd6+ Kf8 14. Bxa5 Qxa5 15. Nxc8 Qc7 16. b4 Qxc8 17. b5 Nd8 18. Rc1 Qb8 19. Nxd4 Be5 20. g3 Ne7 21. f4 Bg7 22. e5 d6 23. Qb3 dxe5 24. fxe5 Qxe5 25.
Rcd1 Ke8 26. Rfe1 Qc5 27. Kf1 Bxd4 28. Qd3 Ne6 29. Rxe6 fxe6 30. Qxd4 Rf8+ 31. Kg2 Qxd4 32. Rxd4 Nd5 33. a5 Rf5 34. a6 bxa6 35. bxa6 Ne3+ 36. Kh3 Rh5+ 37. Rh4 Rxh4+ 38. Kxh4 Nd5 39. a7 Nc7 40. Kg5 Kf7 41. Kh6 Kg8 42. Kg5 Kg7 43.
Kf4 Kf6 44. Ke4 e5 45. g4 Ke6 46.
g5 Kd6 47. h3 Ke6 48. h4 Kd6 49.
Kd3 Kd5 0-1

[Event "*** Titled Tuesday Blitz"]
[Site "Chess.com"]
[Date "2020.02.04"]
[Round "9"]
[White "Kimster98"]
[Black "Hasangatin_Ramil"]
[Result "0-1"]
[WhiteElo "2671"]
[BlackElo "2549"]
[TimeControl "180+2"]
[EndTime "15:08:33 PST"]
[Termination "Hasangatin_Ramil won by resignation"]

1. Nf3 d5 2. d4 Nf6 3. c4 c6 4.
Nc3 dxc4 5. a4 Bf5 6. Ne5 Nbd7 7.
Nxc4 Nb6 8. Ne5 a5 9. f3 Nfd7 10. e4 Nxe5 11. exf5 Nec4 12. Bxc4 Nxc4 13. Qb3 Nd6 14. Bf4 Qd7 15. Bxd6 exd6 16. f6 gxf6 17. d5 Bg7 18. O-O O-O 19. Rad1 f5 20. Rd3 Rfe8 21. Qd1 c5 22. Qb3 Re7 23. Nb5 Rae8 24. Rd2 Re3 25. Qc2 b6 26. Na3 Bd4 27. Kh1 Re1 28. Rd1 R8e2 29. Rdxe1 Rxc2 30. Nxc2 Bxb2 31. Rb1 Bc3 32. Rxb6 Qxa4 33. Ne3 Qf4 34. Nc2 Be5 35. g3 Qc4 36.
Ne3 Qd3 37. Re1 Bc3 38. Rb3 c4 39. Ra3 Bxe1 40. Rxd3 cxd3 41. Kg2 a4 42. Kf1 Bb4 43.
Nc4 a3 0-1

[Event "*** Titled Tuesday Blitz"]
[Site "Chess.com"]
[Date "2020.02.04"]
[Round "9"]
[White "vova-79"]
[Black "VALPARAISO37"]
[Result "0-1"]
[WhiteElo "2451"]
[BlackElo "2286"]
[TimeControl "180+2"]
[EndTime "15:08:33 PST"]
[Termination "VALPARAISO37 won on time"]

1. d4 Nf6 2. c4 e6 3. Nc3 Bb4 4. e3 O-O 5. Ne2 d5 6. a3 Be7 7.
cxd5 exd5 8. Nf4 c6 9. Bd3 Bd6 10. O-O Re8 11. f3 Nbd7 12. e4 Qb6 13. Bc2 Be5 14.
Nce2 Nf8 15. Kh1 Bxf4 16. Nxf4 dxe4 17. d5 exf3 18. Qxf3 Ng6 19. dxc6 bxc6 20. Nh5 Re6 21. Bf5 Nh4 22. Qg3 Nxh5 23. Qxh4 Rf6 24. Qxh5 g6 25. Qh4 Rxf5 26. Bg5 Rxf1+ 27. Rxf1 f5 28. Re1 Ba6 29. Re7 h5 30. Bf6 Qc5 0-1

[Event "*** Titled Tuesday Blitz"]
[Site "Chess.com"]
[Date "2020.02.04"]
[Round "9"]
[White "Walter_White_Poland"]
[Black "2165149677570"]
[Result "1-0"]
[WhiteElo "2246"]
[BlackElo "2279"]
[TimeControl "180+2"]
[EndTime "15:08:36 PST"]
[Termination "Walter_White_Poland won by resignation"]

1. e4 c5 2. Nf3 e6 3. d4 cxd4 4. Nxd4 Nc6 5. Nc3 Nf6 6. Ndb5 d6 7. Bf4 e5 8. Bg5 a6 9. Na3 b5 10. Bxf6 gxf6 11. Nd5 Be6 12. c3 Bg7 13. Nc2 O-O 14. Nce3 Ne7 15. Be2 Nxd5 16. exd5 Bd7 17. Bg4 Bh6 18.
O-O Qc8 19. Bxd7 Qxd7 20. Qh5 Bg5 21. h4 Bxe3 22. fxe3 Qe7 23. Qh6 Kh8 24. Rxf6 Rg8 25. Raf1 Rg7 26. R1f2 Rag8 27. Rxd6 f5 28. Qf6 Qa7 29.
Qxe5 Rf8 30. h5 Kg8 31. Re6 Qf7 32. h6 Rg4 33. Re7 Re4 34. Qg7+ Qxg7 35. Rxg7+ Kh8 36. d6 Rxe3 37. Rd2 Ree8 38. d7 Rd8 39. Re2 f4 40. Ree7 1-0

[Event "*** Titled Tuesday Blitz"]
[Site "Chess.com"]
[Date "2020.02.04"]
[Round "9"]
[White "MikeSailer"]
[Black "cottage_cheese"]
[Result "0-1"]
[WhiteElo "2123"]
[BlackElo "2291"]
[TimeControl "180+2"]
[EndTime "15:08:38 PST"]
[Termination "cottage_cheese won on time"]

1. Nf3 c5 2. b3 Nc6 3. Bb2 d5 4. e3 Bg4 5. Be2 e6 6. O-O Nf6 7. d4 cxd4 8. Nxd4 Bxe2 9. Qxe2 Bd6 10. Nd2 Rc8 11. c4 O-O 12. cxd5 Nxd5 13. Ne4 Bb8 14. Rac1 Bxh2+ 15. Kxh2 Qh4+ 16. Kg1 Qxe4 17. Nxc6 Rxc6 18. Rxc6 bxc6 19. Qa6 Qc2 20. Be5 Nb4 21. Qxa7 Qxa2 22. Qb7 Nd3 23. Bd6 Qa8 24. Qe7 Re8 25. Qg5 Qd8 26.
Qg3 e5 27. Ra1 Qxd6 28. Ra7 h6 29. Qf3 Qd5 30. e4 Qxb3 31. Rd7 Nc5 32. Rxf7 Qxf7 0-1

[Event "*** Titled Tuesday Blitz"]
[Site "Chess.com"]
[Date "2020.02.04"]
[Round "9"]
[White "ChessBitl"]
[Black "AnnaChessLook"]
[Result "0-1"]
[WhiteElo "2331"]
[BlackElo "2241"]
[TimeControl "180+2"]
[EndTime "15:08:39 PST"]
[Termination "AnnaChessLook won on time"]

1. e4 c5 2. Nf3 Nc6 3. d4 cxd4 4. Nxd4 g6 5. c4 d6 6. Be3 Nf6 7. Nc3 Ng4 8. Nxc6 Nxe3 9. Nxd8 Nxd1 10. Rxd1 Kxd8 11. e5 Be6 12. exd6 exd6 13. Nb5 a6 14. Nxd6 Kc7 15. c5 Bxa2 16. Be2 Rd8 17. Bf3 Bxd6 18. cxd6+ Rxd6 19. Rxd6 Kxd6 20. Bxb7 a5 21. O-O Rb8 22.
Rd1+ Ke7 23. Ra1 Bc4 24. Bf3 Rxb2 25. g4 Ra2 26. Rc1 Be6 27. g5 Ra3 28. Kg2 a4 29.
Rc7+ Kd6 30. Ra7 Ra1 31. Ra6+ Ke5 32. Kg3 a3 33. Ra5+ Kd4 34. Ra8 a2 35. Rd8+ Ke5 0-1

[Event "*** Titled Tuesday Blitz"]
[Site "Chess.com"]
[Date "2020.02.04"]
[Round "9"]
[White "Kobalia"]
[Black "amiralfio"]
[Result "1-0"]
[WhiteElo "2656"]
[BlackElo "2533"]
[TimeControl "180+2"]
[EndTime "15:08:43 PST"]
[Termination "Kobalia won by resignation"]

1. e4 c5 2. Nf3 e6 3. g3 d5 4. exd5 exd5 5. d4 Nf6 6. Bg2 Nc6 7. O-O Bg4 8. Re1+ Be7 9. dxc5 O-O 10. h3 Bh5 11.
Nc3 Bxc5 12. Bg5 d4 13. Bxf6 Qxf6 14. Nd5 Qd6 15. Nf4 Bg6 16. Nxg6 Qxg6 17. Qd3 Qxd3 18.
cxd3 Rfe8 19. a3 Kf8 20. Kf1 Rxe1+ 21. Rxe1 f6 22. Rc1 Bb6 23. Nd2 Rc8 24. b4 a6 25.
Be4 g6 26. g4 Ke7 27. h4 Kd8 28. h5 Ne5 29. Nc4 Rc7 30. hxg6 hxg6 31. Ke2 Ba7 32.
Rh1 Nxc4 33. Rh8+ Ke7 34. dxc4 Rxc4 35. Rh7+ Ke6 36. Rxb7 d3+ 37. Bxd3 Rc3 38. Rxa7 1-0

[Event "*** Titled Tuesday Blitz"]
[Site "Chess.com"]
[Date "2020.02.04"]
[Round "9"]
[White "FearNoEvil12"]
[Black "SanchezKelvin"]
[Result "0-1"]
[WhiteElo "2057"]
[BlackElo "2368"]
[TimeControl "180+2"]
[EndTime "15:08:43 PST"]
[Termination "SanchezKelvin won by resignation"]

1. e4 c5 2. Nc3 Nc6 3. f4 g6 4. Nf3 Bg7 5. Bc4 e6 6. f5 Nge7 7. fxg6 hxg6 8. d3 Na5 9. O-O a6 10. a4 Nxc4 11. dxc4 Nc6 12. Bg5 f6 13. Be3 Qe7 14.
Qd2 g5 15. h3 b6 16. Nxg5 fxg5 17. Bxg5 Bd4+ 18. Kh1 Qg7 19. Rae1 d6 20. Nd5 Rg8 21. Nf6+ Bxf6 22. Bxf6 Qg3 23. Rf3 Qg6 24.
Ref1 Bd7 25. R3f2 Nd4 26. Bxd4 cxd4 27. Qxd4 e5 28. Qxb6 Qxe4 29. Qxd6 O-O-O 30. Qxa6+ Qb7 31. Qxb7+ Kxb7 32. b3 Kc6 33. Re2 Rde8 34. Rfe1 Rg5 35. Kh2 Kd6 36. g4 Bc6 37. Kg3 e4 38. h4 Rge5 39. Re3 Ke6 40. g5 Rf8 41. Kg4 Rf2 42.
R1e2 Rxe2 43. Rxe2 e3 44. Kf4 Re4+ 45. Kg3 Kf5 46.
a5 Rg4+ 47. Kh3 Kf4 48. Rxe3 Bg2+ 49. Kh2 Kxe3 50. a6 Kf2 0-1

[Event "*** Titled Tuesday Blitz"]
[Site "Chess.com"]
[Date "2020.02.04"]
[Round "9"]
[White "Arathorn2"]
[Black "MateusViageiro"]
[Result "0-1"]
[WhiteElo "2237"]
[BlackElo "2190"]
[TimeControl "180+2"]
[EndTime "15:08:43 PST"]
[Termination "MateusViageiro won by checkmate"]

1. d4 Nf6 2. c4 e6 3. Nf3 b6 4.
a3 Ba6 5. Qc2 c5 6. g3 Nc6 7. Bg2 Rc8 8. dxc5 bxc5 9. O-O Be7 10. b3 O-O 11. Bb2 Qb6 12. Nbd2 d5 13. Rab1 Nd4 14.
Qd3 dxc4 15. bxc4 Nxf3+ 16. Nxf3 Qa5 17. Ne5 Rfd8 18. Qc2 Rd2 19. Qc1 Rxe2 20. Nc6 Qc7 21. Nxe7+ Qxe7 22. Bf3 Rxb2 23. Rxb2 h6 24. Rd1 e5 25. Bd5 e4 26. Qe3 Re8 27. Rdb1 Ng4 28. Qf4 Nf6 29. Rb8 Bc8 30. Bb7 Bxb7 31. R1xb7 Qe6 32. Rxe8+ Nxe8 33. Rxa7 g5 34. Qb8 Kg7 35. Ra8 Nf6 36. Qf8+ Kg6 37. Qxc5 Qg4 38. Qe3 Qd1+ 39. Kg2 Qc2 40. c5 Ng4 41. Qd4 e3 42. Ra6+ f6 43.
Qxg4 Qxf2+ 44. Kh3 Qf1# 0-1

[Event "*** Titled Tuesday Blitz"]
[Site "Chess.com"]
[Date "2020.02.04"]
[Round "9"]
[White "GianmarcoVaR"]
[Black "victormago"]
[Result "0-1"]
[WhiteElo "2611"]
[BlackElo "2453"]
[TimeControl "180+2"]
[EndTime "15:08:47 PST"]
[Termination "victormago won by checkmate"]

1. e4 c5 2. a3 d6 3. b4 cxb4 4. axb4 Nf6 5. d3 g6 6. Bb2 Bg7 7. Nd2 O-O 8. Ngf3 Nbd7 9. Be2 a6 10. b5 Rb8 11. bxa6 bxa6 12. Bc3 Qc7 13. Ra3 Qc5 14. Qa1 Ng4 15. d4 Qc6 16. O-O e5 17. d5 Qc7 18.
Ne1 Ngf6 19. Ba5 Qa7 20. Kh1 Nc5 21. f3 Nh5 22. Nc4 Qe7 23. g3 Bh3 24. Rf2 Bh6 25.
Bd2 Bxd2 26. Nxd2 f5 27. Nd3 fxe4 28. Nxc5 exf3 29. Raxf3 Rxf3 30. Bxf3 dxc5 31. Bxh5 gxh5 32. d6 Qxd6 33. Ne4 Qd5 34. Qe1 Qxe4+ 35. Qxe4 Rb1+ 36. Rf1 Rxf1# 0-1

[Event "*** Titled Tuesday Blitz"]
[Site "Chess.com"]
[Date "2020.02.04"]
[Round "9"]
[White "Eloist"]
[Black "norwaytoadog"]
[Result "1-0"]
[WhiteElo "2244"]
[BlackElo "2274"]
[TimeControl "180+2"]
[EndTime "15:08:47 PST"]
[Termination "Eloist won on time"]

1. e4 e5 2. Bc4 Nf6 3. d3 c6 4. Nf3 d6 5. O-O a5 6. c3 Be7 7. Re1 O-O 8. Bb3 Nbd7 9. d4 h6 10. Nbd2 Re8 11. Nf1 b5 12. Ng3 Bf8 13. a4 Nb6 14. axb5 a4 15. Bc2 cxb5 16. dxe5 dxe5 17. Qxd8 Rxd8 18. Nxe5 Be6 19. Be3 Nbd7 20. Nc6 Rdc8 21. Nd4 Bc4 22. h3 Nc5 23. Red1 Re8 24. f3 g6 25. Kf2 h5 26. h4 Nfd7 27. Nc6 Rac8 28. Nb4 Ne5 29. Bd4 Nb3 30. Bxb3 Bxb3 31. Rd2 Bxb4 32. cxb4 Nc4 33. Re2 Red8 34. Bc3 Rd3 35. Bf6 Rc6 36. e5 Nb6 37. Ne4 Nd5 38. Nc5 Rd1 39.
Nxb3 Rxa1 40. Nxa1 Nxb4 41. g4 Rc1 42. Rd2 Kh7 43. Rd8 g5 44. gxh5 1-0

[Event "*** Titled Tuesday Blitz"]
[Site "Chess.com"]
[Date "2020.02.04"]
[Round "9"]
[White "politeplayer"]
[Black "Playgood28"]
[Result "0-1"]
[WhiteElo "2149"]
[BlackElo "2278"]
[TimeControl "180+2"]
[EndTime "15:08:50 PST"]
[Termination "Playgood28 won by resignation"]

1. e4 e5 2. Nc3 d6 3. Bc4 Nf6 4.
f4 exf4 5. Nf3 Be7 6. d4 O-O 7. Bxf4 Nxe4 8. Nxe4 d5 9. Bd3 dxe4 10. Bxe4 Bb4+ 11. c3 Qe7 12. Qd3 f5 13. Ne5 fxe4 14. Qxe4 Bd6 15. O-O Bxe5 16. Bxe5 Nc6 17. Rxf8+ Qxf8 18. Qd5+ Qf7 19. Qxf7+ Kxf7 20. Rf1+ Kg8 21. Bxc7 Be6 22.
Re1 Bxa2 23. b4 a6 24. Kf2 Rf8+ 25. Kg3 Kf7 26. Rf1+ Ke8 27. Rxf8+ Kxf8 28. Bd6+ Kf7 29. Kf4 Ke6 30. Bf8 Kf7 31. Bc5 Bd5 32. g4 h6 33. h4 Kf6 34. g5+ hxg5+ 35. hxg5+ Ke6 36. Bf8 g6 37. Bg7 Bb3 38. Ke3 Kd5 39. Kd3 Bc4+ 40.
Ke3 Ne7 41. Bf6 Nf5+ 42. Kf4 Nd6 43. Bg7 Ne4 44. Ke3 Nxc3 45. Kd2 Nb5 0-1

[Event "*** Titled Tuesday Blitz"]
[Site "Chess.com"]
[Date "2020.02.04"]
[Round "9"]
[White "andrzej"]
[Black "Witik"]
[Result "0-1"]
[WhiteElo "2357"]
[BlackElo "2582"]
[TimeControl "180+2"]
[EndTime "15:08:51 PST"]
[Termination "Witik won by checkmate"]

1. d4 b5 2. e4 Bb7 3. Nd2 a6 4. f4 e6 5. Ngf3 c5 6. c3 Qb6 7.
a4 Nf6 8. Bd3 Nc6 9. axb5 axb5 10. Rxa8+ Bxa8 11. d5 exd5 12. exd5 Nxd5 13. Qe2+ Be7 14.
Ne4 c4 15. Bc2 O-O 16. Nfg5 h6 17. h4 Re8 18. Kf1 Bf8 19. Nxf7 Nd4 20. cxd4 Kxf7 21. Ng5+ hxg5 22. Qh5+ Ke7 23. Qxg5+ Qf6 24. Qe5+ Kd8 25.
Qb8+ Ke7 26. Qe5+ Kf7 27. Qh5+ g6 28. Qh7+ Bg7 29. h5 Nxf4 30. hxg6+ Nxg6+ 31. Kg1 Qxd4+ 32. Kh2 Rh8 33. Bxg6+ Ke7 34. Bg5+ Kd6 35. Qxh8 Bxh8 36. Bh5 Be5+ 37. g3 Qf2+ 38. Kh3 Qxg3# 0-1

[Event "*** Titled Tuesday Blitz"]
[Site "Chess.com"]
[Date "2020.02.04"]
[Round "9"]
[White "temus_galaktionov"]
[Black "M1711"]
[Result "1/2-1/2"]
[WhiteElo "2706"]
[BlackElo "2535"]
[TimeControl "180+2"]
[EndTime "15:08:53 PST"]
[Termination "Game drawn by repetition"]

1. d4 Nf6 2. Nf3 g6 3. c4 Bg7 4. Nc3 d5 5. cxd5 Nxd5 6. e4 Nxc3 7. bxc3 c5 8. Be3 Nc6 9. Qd2 Qa5 10. Rc1 O-O 11. d5 Rd8 12. Be2 e6 13. O-O exd5 14.
exd5 Ne7 15. c4 Qxd2 16. Bxd2 Nf5 17. Bc3 Nd6 18. Bxg7 Kxg7 19. Bd3 Re8 20. Rb1 Bg4 21. Rfe1 Bxf3 22. gxf3 Kf6 23. Kg2 h5 24. f4 Rxe1 25. Rxe1 Rc8 26. a4 Re8 27. Re3 Re7 28. Kf3 b6 29. h4 a6 30. Kg3 Re8 31. Kf3 Rb8 32. Re1 b5 33. cxb5 axb5 34. Bxb5 Nxb5 35. axb5 Rxb5 36.
d6 Rb8 37. Re5 Rd8 38. Rxc5 Rxd6 39. Kg3 Rd3+ 40. f3 Rd6 41. Ra5 Rc6 42. Rg5 Rc1 43. Kg2 Rc2+ 44. Kg3 Rc1 45. f5 Rg1+ 46. Kf4 Rh1 47.
Kg3 Rg1+ 48. Kf4 Rh1 49. Kg3 Rg1+ 1/2-1/2

[Event "*** Titled Tuesday Blitz"]
[Site "Chess.com"]
[Date "2020.02.04"]
[Round "9"]
[White "Orest_Vovk"]
[Black "esteban062000"]
[Result "1-0"]
[WhiteElo "2390"]
[BlackElo "2162"]
[TimeControl "180+2"]
[EndTime "15:08:55 PST"]
[Termination "Orest_Vovk won by checkmate"]

1. g4 e5 2. Bg2 d5 3. h3 Nc6 4. c4 dxc4 5. Bxc6+ bxc6 6. Qa4 Bd7 7.
Qxc4 h6 8. d3 Nf6 9. Nc3 Bd6 10.
g5 hxg5 11. Bxg5 Rh5 12. Nf3 Qc8 13. Bxf6 gxf6 14. Ne4 Ke7 15. Rg1 Qb7 16. O-O-O Be6 17. Nxd6 cxd6 18. Qa4 Rb8 19. b3 Rxh3 20. Rh1 Rbh8 21.
Rxh3 Rxh3 22. Rg1 Qb6 23. Rf1 Bd5 24. Qg4 Be6 25. Qg8 Qc5+ 26. Kb1 Qd5 27. Nd2 Rh1 28.
f3 Rxf1+ 29. Nxf1 Bf5 30. Ne3 Bxd3+ 31. exd3 Qxd3+ 32. Nc2 Qf1+ 33. Kb2 Qxf3 34. Qa8 Qd5 35. Qxa7+ Ke6 36. Qe3 f5 37. a4 f4 38. Qh3+ Ke7 39. Qc3 e4 40. a5 c5 41. a6 e3 42.
a7 e2 43. Qc4 Qe5+ 44. Ka2 e1=Q 45. Nxe1 Qxe1 46. a8=Q Qd2+ 47. Ka3 Qe3 48. Qb7+ Kf6 49. Qbxf7+ Ke5 50. Qcd5# 1-0

[Event "*** Titled Tuesday Blitz"]
[Site "Chess.com"]
[Date "2020.02.04"]
[Round "9"]
[White "kleinebeer98"]
[Black "Fy_Rakotomaharo"]
[Result "1-0"]
[WhiteElo "2723"]
[BlackElo "2571"]
[TimeControl "180+2"]
[EndTime "15:08:58 PST"]
[Termination "kleinebeer98 won by resignation"]

1. e4 c5 2. Nf3 d6 3. Nc3 a6 4.
d4 cxd4 5. Nxd4 Nf6 6. Bg5 e6 7. f4 Be7 8. Qf3 Qc7 9. Bd3 Nbd7 10. g4 b5 11. O-O-O Bb7 12. Bxf6 Nxf6 13. g5 Nd7 14. Kb1 b4 15. Nce2 Nc5 16. h4 O-O-O 17. Ng3 g6 18. Rhe1 h6 19. Bf1 hxg5 20. hxg5 e5 21. Nb3 Rh2 22. fxe5 dxe5 23. Rxd8+ Bxd8 24. Bc4 Kb8 25.
Nxc5 Qxc5 26. Qxf7 Bxg5 27. Rd1 Qf2 28. Qe8+ Ka7 29.
Ne2 Qc5 30. Bd3 Qd6 31. Rf1 Bf4 32. Nxf4 exf4 33. e5 Qd4 34. e6 Rf2 35. Rc1 Rd2 36. e7 Rxd3 37. cxd3 Qxd3+ 38. Ka1 Qe3 39. Rb1 b3 40. a3 Qe6 41. Qd8 Bc6 42. Qc7+ Ka8 43.
Rd1 Bb7 44. Rd8+ 1-0

[Event "*** Titled Tuesday Blitz"]
[Site "Chess.com"]
[Date "2020.02.04"]
[Round "9"]
[White "SCIM"]
[Black "Gusarov91"]
[Result "1-0"]
[WhiteElo "2490"]
[BlackElo "2601"]
[TimeControl "180+2"]
[EndTime "15:09:01 PST"]
[Termination "SCIM won by resignation"]

1. d4 Nf6 2. c4 g6 3. Nc3 d5 4.
cxd5 Nxd5 5. e4 Nxc3 6. bxc3 Bg7 7. Bc4 c5 8. Ne2 cxd4 9. cxd4 O-O 10. O-O Nc6 11. Be3 Na5 12. Bd3 Be6 13. d5 Bg4 14. f3 Bxa1 15. Qxa1 Bd7 16. Bh6 f6 17. Bxf8 Qb6+ 18. Qd4 Qxd4+ 19. Nxd4 Kxf8 20. Rc1 Rc8 21. Rxc8+ Bxc8 22. Kf2 Bd7 23. Ke3 Ke8 24. f4 b6 25.
h4 Nb7 26. Bb5 Nd6 27. Bxd7+ Kxd7 28. Ne6 Ke8 29. g4 a5 30. e5 fxe5 31. fxe5 Nc4+ 32. Kd4 Nd2 33. h5 gxh5 34. gxh5 Nf3+ 35. Ke4 Nd2+ 36.
Kf5 b5 37. Nc7+ Kd7 38. Nxb5 Nc4 39. Nd4 Ne3+ 40. Ke4 Nd1 41. Ne2 Nf2+ 42. Kf5 a4 43. Nc3 a3 44. Nb5 Nd1 45. e6+ Ke8 46. Nxa3 Nc3 47.
Ke5 Nxa2 48. Nb5 Nb4 49. Nd4 Nd3+ 50. Kf5 Kf8 51. Nf3 Nb4 52. Ke5 Nd3+ 53. Ke4 Nf2+ 54. Kf5 Kg7 55. h6+ Kg8 56. Ng5 Nd1 57. d6 Ne3+ 58. Ke4 Nc4 59. d7 Nd6+ 60. Kd5 Nb7 61. Nf7 Kf8 62. Kc6 1-0

[Event "*** Titled Tuesday Blitz"]
[Site "Chess.com"]
[Date "2020.02.04"]
[Round "9"]
[White "Alopekos"]
[Black "ChEsper99"]
[Result "1-0"]
[WhiteElo "2455"]
[BlackElo "2045"]
[TimeControl "180+2"]
[EndTime "15:09:09 PST"]
[Termination "Alopekos won by resignation"]

1. e4 c5 2. Nc3 d6 3. Nge2 Nf6 4.
d4 cxd4 5. Nxd4 a6 6. Be3 e5 7.
Nb3 Be7 8. Be2 O-O 9. O-O Be6 10.
Nd5 Bxd5 11. exd5 Nfd7 12. Qd2 f5 13. f4 Bf6 14. c4 b6 15. fxe5 Bxe5 16. Nd4 Nc5 17.
Nxf5 a5 18. Bd4 Nbd7 19. Rae1 Rf7 20. Bh5 Rf8 21. Bg4 Bxd4+ 22. Qxd4 Ne5 23. Bh3 Qg5 24.
Re3 g6 25. Ng3 Rxf1+ 26. Kxf1 Rf8+ 27. Kg1 Ncd3 28. Rxd3 Nxd3 29. Qxd3 Qc1+ 30. Nf1 Qf4 31. Be6+ Kg7 32. Qc3+ Kh6 33. Qe3 g5 34. Qxf4 Rxf4 35. Ne3 Re4 36. Kf2 Kg6 37. Bf5+ 1-0

[Event "*** Titled Tuesday Blitz"]
[Site "Chess.com"]
[Date "2020.02.04"]
[Round "9"]
[White "vugarrasulov"]
[Black "Tayson_7"]
[Result "1-0"]
[WhiteElo "2912"]
[BlackElo "2699"]
[TimeControl "180+2"]
[EndTime "15:09:10 PST"]
[Termination "vugarrasulov won on time"]

1. e4 c5 2. Nf3 d6 3. d4 cxd4 4.
Nxd4 Nf6 5. Nc3 a6 6. Be3 Ng4 7. Bg5 Nc6 8. Be2 h6 9. Bh4 Nge5 10. f4 Ng6 11. Bg3 e5 12. Nxc6 bxc6 13. f5 Nf4 14. Bxf4 exf4 15. Qd2 Qh4+ 16. Kf1 Be7 17. Bf3 O-O 18.
Ne2 Rb8 19. c3 d5 20. exd5 Bxf5 21. Nd4 Bg6 22. dxc6 Bc5 23. b4 Bxd4 24. cxd4 Rbe8 25. d5 Re3 26. Qf2 Qf6 27. Rd1 Rfe8 28. h4 Be4 29.
Bxe4 R8xe4 30. c7 Qc3 31. d6 Rd4 32. Rb1 Qd3+ 33. Kg1 Qxb1+ 34. Kh2 Qf5 35. Rc1 Qc8 36. Rc6 Red3 37. Rb6 Kh7 38. Rb8 Qf5 39. c8=Q Qe5 40. Qe8 Qf6 41. h5 1-0

[Event "*** Titled Tuesday Blitz"]
[Site "Chess.com"]
[Date "2020.02.04"]
[Round "9"]
[White "Konavets"]
[Black "Sibelephant"]
[Result "1/2-1/2"]
[WhiteElo "3016"]
[BlackElo "3063"]
[TimeControl "180+2"]
[EndTime "15:09:12 PST"]
[Termination "Game drawn by repetition"]

1. e4 c5 2. Nf3 a6 3. c3 d5 4.
exd5 Qxd5 5. d4 Bg4 6. Be2 e6 7. O-O Nf6 8. h3 Bh5 9. Be3 Nbd7 10. c4 Qd6 11. Nc3 cxd4 12. Nxd4 Bxe2 13. Qxe2 Be7 14. Rfd1 Qc7 15. Rac1 O-O 16. a3 Nb6 17. c5 Nbd5 18. Nxd5 Nxd5 19. b4 Bf6 20. c6 Rac8 21. Rc4 bxc6 22.
Rxc6 Qd7 23. Qxa6 Nxe3 24. Rd6 Qxd6 25. Qxd6 Nxd1 26. Nc6 Nc3 27. Qd7 Ra8 28. Na5 Rfd8 29. Qc6 Rac8 30. Qb7 Be5 31. g3 Rc7 32. Qa6 h5 33.
Nc6 Rd1+ 34. Kg2 Bf6 35. b5 Rb1 36. a4 Kh7 37. Qa5 Rd7 38. b6 Rd5 39. Qa7 Rd6 40.
Qxf7 Rxb6 41. Qxh5+ Kg8 42. Qe8+ Kh7 43. Qh5+ Kg8 44. Qe8+ Kh7 45. Qh5+ 1/2-1/2

[Event "*** Titled Tuesday Blitz"]
[Site "Chess.com"]
[Date "2020.02.04"]
[Round "9"]
[White "WPWPWP-2015"]
[Black "INLOVEWITHF"]
[Result "1-0"]
[WhiteElo "2522"]
[BlackElo "2355"]
[TimeControl "180+2"]
[EndTime "15:09:15 PST"]
[Termination "WPWPWP-2015 won by resignation"]

1. d4 Nf6 2. c4 e6 3. Nc3 d5 4. Nf3 c6 5. Bg5 dxc4 6. e4 b5 7. e5 h6 8. Bh4 g5 9. Nxg5 hxg5 10. Bxg5 Nbd7 11. g3 Bb7 12. Bg2 Qb6 13. exf6 O-O-O 14. O-O c5 15. d5 b4 16. Na4 Qb5 17. b3 c3 18. Re1 Nb6 19. Bf1 Qd7 20. dxe6 Qc6 21. Qxd8+ Kxd8 22. e7+ Bxe7 23. fxe7+ Ke8 24. f3 Qxf3 25.
Bb5+ Nd7 26. Bxd7+ Kxd7 27. Nxc5+ Kc6 28. Nxb7 Re8 29.
Nd8+ Kc7 30. Re3 Qd5 31. Bf4+ Kb6 32. Re5 Qd3 33. Rae1 c2 34. Nxf7 Kc6 35. Re6+ Kb7 36. Nd6+ Ka8 37. Nxe8 Qd4+ 38. Kg2 Qd5+ 39. R6e4 Qc6 40.
Nc7+ 1-0

[Event "*** Titled Tuesday Blitz"]
[Site "Chess.com"]
[Date "2020.02.04"]
[Round "9"]
[White "vlad_Sid"]
[Black "chessdjw"]
[Result "1-0"]
[WhiteElo "2745"]
[BlackElo "2598"]
[TimeControl "180+2"]
[EndTime "15:09:17 PST"]
[Termination "vlad_Sid won by resignation"]

1. c4 g6 2. g3 Bg7 3. Bg2 Nf6 4. Nc3 O-O 5. d3 Nc6 6. Nf3 d5 7. O-O d4 8. Nb1 e5 9. Nbd2 Re8 10. Ng5 Nd7 11. f4 exf4 12. gxf4 h6 13. Nge4 f5 14. Ng3 Nf6 15. h3 Kh7 16. Nf3 Qd6 17. Bd2 Bd7 18. a3 a5 19. Qc2 Re7 20. Rae1 Rae8 21. Kh2 b6 22. Nh4 Re3 23. Bxe3 dxe3 24. Bxc6 Bxc6 25. c5 bxc5 26. Rc1 Nd7 27. b4 Bd4 28. bxc5 Nxc5 29.
Nf3 Ba4 30. Qc4 Bb2 31. Qxc5 Bxc1 32. Rxc1 Qxf4 33. Qxc7+ Qxc7 34. Rxc7+ Kg8 35. Ra7 Bd1 36. Rxa5 f4 37. Ne4 Bxe2 38. Nf6+ Kf7 39. Nxe8 Bxf3 40.
Nd6+ Ke6 41. Nc4 Bd5 42. Ra6+ Kf5 43. Kg1 h5 44. Ra5 Ke6 45. h4 g5 46. hxg5 h4 47. g6 h3 48. g7 Kf7 49. Rxd5 e2 50. Re5 f3 51. Kf2 h2 52. Rh5 Kxg7 53. Rxh2 1-0

[Event "*** Titled Tuesday Blitz"]
[Site "Chess.com"]
[Date "2020.02.04"]
[Round "9"]
[White "dragos420"]
[Black "Abund"]
[Result "1-0"]
[WhiteElo "2492"]
[BlackElo "2691"]
[TimeControl "180+2"]
[EndTime "15:09:17 PST"]
[Termination "dragos420 won by checkmate"]

1. e4 c5 2. Nf3 Nc6 3. Bb5 g6 4. O-O Bg7 5. Nc3 d6 6. e5 dxe5 7. Bxc6+ bxc6 8. Re1 Qc7 9. d3 c4 10. dxc4 Be6 11. Qe2 f6 12. Be3 Nh6 13. Bc5 O-O 14. Rad1 Nf5 15. Ba3 Nd6 16. b3 Bf7 17. Na4 Nb7 18.
Nc5 Nxc5 19. Bxc5 Rfd8 20. a4 g5 21. h3 Bg6 22. Rxd8+ Rxd8 23. Rd1 a6 24. b4 Rxd1+ 25. Qxd1 e4 26. Nd4 Qd7 27. Qe2 e5 28. Nb3 f5 29. b5 axb5 30. cxb5 Qd5 31. c4 Qd7 32. Qd2 Qc8 33. Qd6 cxb5 34. axb5 Bf7 35. Na5 f4 36. b6 Bxc4 37. b7 Qxb7 38. Nxb7 h6 39. Nd8 Bb3 40. Ne6 Kf7 41. Nxg7 Kxg7 42. Qxe5+ Kg6 43. Qxe4+ Kh5 44. Qe8+ Kh4 45. f3 Be6 46. Bf2# 1-0